 Dungeon Crawl Stone Soup version 0.26-a0-660-gc07710193c (webtiles) character file.

Game seed: 355195274816053330

531 zazu2006 the Magician (level 7, 0/57 HPs)
             Began as a Naga Hedge Wizard on Oct 7, 2020.
             Slain by a worker ant (7 damage)
             ... on level 4 of the Dungeon.
             The game lasted 00:10:32 (6059 turns).

zazu2006 the Magician (Naga Hedge Wizard)           Turns: 6059, Time: 00:10:32

Health: 0/57       AC:  6    Str: 13    XL:     7   Next: 24%
Magic:  5/13       EV: 10    Int: 16    God:
Gold:   253        SH:  0    Dex: 10    Spells: 6/15 levels left

rFire    . . .     SeeInvis +   r - +0 falchion
rCold    . . .     Faith    .   (no shield)
rNeg     . . .     Spirit   .   l - +2 animal skin
rPois    +         Reflect  .   k - +0 helmet
rElec    .         Harm     .   (no cloak)
rCorr    .         Rampage  .   (no gloves)
MR       .....                  (no barding)
Stlth    ++........             (no amulet)
HPRegen  0.19/turn              (no ring)
MPRegen  0.13/turn              (no ring)

@: very slow
A: large, see invisible, deformed body, poison resistance, slowness 2, spit
poison 1, AC +2
a: Spit Poison


You were on level 4 of the Dungeon.
You visited 2 branches of the dungeon, and saw 5 of its levels.

You collected 253 gold pieces.

Inventory:

Hand Weapons
 r - a +0 falchion (weapon)
Missiles
 a - 3 poisoned darts (quivered)
Armour
 k - a +0 helmet (worn)
 l - a +2 animal skin (worn)
Wands
 v - a wand of random effects (13)
 w - a wand of digging (6)
Scrolls
 b - 2 scrolls of amnesia {unknown}
 c - a scroll of fog {unknown}
 i - 2 scrolls of remove curse {unknown}
 m - a scroll of enchant weapon {unknown}
 n - 3 scrolls of random uselessness {unknown}
 o - a scroll of magic mapping {unknown}
 p - 2 scrolls of teleportation {unknown}
 q - a scroll of identify {unknown}
 s - a scroll of blinking {unknown}
 u - a scroll of noise {unknown}
 x - a scroll of enchant armour {unknown}
Potions
 d - 5 potions of heal wounds {unknown}
 e - 2 potions of lignification {unknown}
 f - a potion of experience {unknown}
 g - a potion of resistance {unknown}
 h - a potion of haste {unknown}
 j - 2 potions of mutation {unknown}
 t - a potion of curing
 z - a potion of degeneration {unknown}


   Skills:
 + Level 1.1 Fighting
   Level 0.4(1.3) Short Blades
 + Level 2.1 Long Blades
 + Level 2.5 Dodging
 + Level 4.0 Stealth
 + Level 4.6 Spellcasting
 + Level 3.1 Conjurations
   Level 1.0 Summonings
 + Level 1.0 Translocations
 + Level 0.9 Air Magic
 * Level 3.9 Poison Magic


You had 6 spell levels left.
You knew the following spells:

 Your Spells              Type           Power        Failure   Level
a - Magic Dart            Conj           ##..         4%          1
b - Mephitic Cloud        Conj/Pois/Air  ##......     16%         3
c - Conjure Flame         Conj/Fire      #.......     26%         3
d - Blink                 Tloc           N/A          16%         2

Your spell library contained the following spells:

 Spells                   Type           Power        Failure   Level
 Beastly Appendage        Tmut           #.....       16%         1
 Call Imp                 Summ           #.......     16%         2
 Spider Form              Tmut/Pois      #.........   22%         3
 Slow                     Hex            #.......     24%         2
 Wereblood                Tmut           #.......     24%         2
 Ice Form                 Ice/Tmut       #.......     85%         4
 Blade Hands              Tmut           #.........   99%         5


Dungeon Overview and Level Annotations

Branches:
Dungeon (4/15)             Temple (1/1) D:4

Altars:
Ashenzari
Cheibriados
Dithmenos
Fedhas
Gozag
Kikubaaqudgha
Okawaru
Qazlal
Trog
Wu Jian
Xom
Yredelemnul
Zin
The Shining One

Annotations:
D:4 Edmund


Innate Abilities, Weirdness & Mutations

You cannot wear boots.
Your serpentine skin is tough. (AC +2)
You have supernaturally acute eyesight. (SInv)
Armour fits poorly on your strangely shaped body.
Your system is resistant to poisons. (rPois)
You cover ground very slowly.
You can spit poison.


Message History

Found a stone staircase leading down.
You closely miss the worker ant.
The worker ant is severely wounded.
The worker ant bites you.
* * * LOW HITPOINT WARNING * * *
Edmund cries.
Casting: Blink (safe; 16% risk of failure)
Confirm with . or Enter, or press ? or * to list all spells.
Aiming: Mephitic Cloud (dangerous; 16% risk of failure)
Press: ? - help, Shift-Dir - straight line, f - worker ant
Aim: a worker ant (severely wounded)
The ball explodes into a vile cloud!
The stinking cloud engulfs the worker ant but does no damage.
The worker ant is severely wounded.
The stinking cloud engulfs you but does no damage.
The stinking cloud engulfs Edmund but does no damage.
Edmund is severely wounded.
The worker ant is engulfed in noxious fumes.
The worker ant bites you!
You die...

############
#...........
#...........
+...........
#...........
.############...........
>......@B@(.'...........
.....########...........
### #..@........
########...........
...................
........###########
......B.# ........#
........#


You could see Edmund (confused) and a worker ant.

Vanquished Creatures
  An ogre (D:4)
  A vampire bat (D:3)
  An orc priest (D:4)
  A hound (D:3)
  4 orc wizards (D:4)
  Terence (D:3)
  2 worker ants (D:4)
  Robin (D:1)
  6 adders
  4 worms
  2 dart slugs
  5 leopard geckos
  5 orcs
  9 bats
  3 bat skeletons (D:3)
  2 bat zombies (D:3)
  5 giant cockroaches
  17 goblins
  12 hobgoblins
  2 jackals (D:2)
  A quokka (D:3)
  2 ball pythons
  10 frilled lizards
  6 kobolds
  6 rats
109 creatures vanquished.

Notes
Turn   | Place    | Note
-------+----------+-------------------------------------------
     0 | D:1      | zazu2006 the Naga Hedge Wizard began the quest for the Orb.
     0 | D:1      | Reached XP level 1. HP: 15/15 MP: 4/4
   255 | D:1      | Reached XP level 2. HP: 22/22 MP: 3/6
   397 | D:1      | HP: 1/22 [giant cockroach (1)]
  1033 | D:1      | Reached XP level 3. HP: 28/28 MP: 0/8
  1608 | D:2      | Learned a level 3 spell: Mephitic Cloud
  1612 | D:2      | Learned a level 3 spell: Conjure Flame
  1615 | D:2      | Learned a level 2 spell: Blink
  1666 | D:2      | Noticed Robin
  1810 | D:1      | Killed Robin
  2181 | D:2      | Reached XP level 4. HP: 37/37 MP: 7/9
  2697 | D:2      | Reached skill level 1 in Poison Magic
  2879 | D:2      | Found a broken altar of Ashenzari.
  2883 | D:2      | Saw a vision of the Shoals and the Snake Pit.
  2883 | D:2      | Noticed a merfolk siren
  2883 | D:2      | Noticed a sea snake
  2883 | D:2      | Noticed a sea snake
  2883 | D:2      | Noticed a centaur
  2883 | D:2      | Noticed a merfolk siren
  2883 | D:2      | Noticed a merfolk
  2883 | D:2      | Noticed a merfolk
  2883 | D:2      | Noticed a salamander
  2883 | D:2      | Noticed a black mamba
  2883 | D:2      | Noticed a naga
  2883 | D:2      | Noticed a black mamba
  2883 | D:2      | Noticed a naga ritualist
  2883 | D:2      | Noticed a naga sharpshooter
  2883 | D:2      | Noticed a naga sharpshooter
  2883 | D:2      | Noticed an anaconda
  2883 | D:2      | Noticed a naga
  2883 | D:2      | Noticed a naga
  2884 | D:2      | Noticed a naga mage
  2884 | D:2      | Noticed a salamander
  2884 | D:2      | Noticed a black mamba
  3070 | D:2      | Found a shadowy altar of Dithmenos.
  3071 | D:2      | Found a glowing silver altar of Zin.
  3072 | D:2      | Found a glowing golden altar of the Shining One.
  3226 | D:3      | Noticed Terence
  3247 | D:3      | Killed Terence
  3247 | D:3      | Reached XP level 5. HP: 43/43 MP: 2/11
  3792 | D:3      | Found an ancient bone altar of Kikubaaqudgha.
  4546 | D:3      | Reached skill level 1 in Fighting
  4558 | D:3      | Reached XP level 6. HP: 31/51 MP: 4/12
  4571 | D:3      | Reached skill level 1 in Long Blades
  4953 | D:4      | Found a staircase to the Ecumenical Temple.
  4961 | Temple   | Entered the Ecumenical Temple
  5529 | D:4      | Reached XP level 7. HP: 54/57 MP: 2/13
  5815 | D:4      | Found a shimmering altar of Xom.
  6008 | D:4      | Noticed Edmund
  6059 | D:4      | Slain by a worker ant

Illustrated notes

Levels and vault maps discovered:
D:1:      minmay_arrival_three_doors, layout_basic
D:2:      layout_loops_ring, chequers_temple_overflow_statue_of_worship,
          minmay_misc_feat_hallway, grunt_ashenzari_visionary
          [grunt_ashenzari_visionary_shoals, grunt_ashenzari_visionary_snake],
          uniq_robin
D:3:      layout_basic, kennysheep_vampire_church, uniq_terence
D:4:      layout_basic, xom_teletrap_fun, minmay_temple_entry_proselytizer,
          minmay_misc_feat_secret_circle, grunt_ministairs_10, uniq_edmund
Temple:   jpeg_temple_island

Skill      XL: |  1  2  3  4  5  6  7 |
---------------+----------------------+-----
Dodging        | 2 |  2.5
Conjurations   | 2 3 |  3.1
Poison Magic   | 1 2 3 |  3.9
Spellcasting   | 4 |  4.6
Fighting       | 1 |  1.1
Long Blades    | 1 2 |  2.1
Stealth        | 4 |  4.0
Short Blades   | |  0.4
Summonings     | |  1.0
Translocations | |  1.0
Air Magic      | |  0.9

Action                   |  1- 3 |  4- 6 |  7- 9 || total
-------------------------+-------+-------+-------++-------
Melee: Dagger            |    26 |    19 |       ||    45
       Falchion          |       |    61 |    39 ||   100
 Cast: Magic Dart        |    68 |   114 |     2 ||   184
       Mephitic Cloud    |       |    12 |     6 ||    18
       Blink             |       |       |     1 ||     1
 Abil: Spit Poison       |    19 |    14 |     4 ||    37
 Stab: Sleeping          |     1 |       |     1 ||     2
       Confused          |       |     5 |     5 ||    10
Armor: Robe              |     7 |       |       ||     7
       Animal skin       |     1 |    44 |    11 ||    56
Dodge: Dodged            |    35 |    86 |    24 ||   145
       Rpst.: Falchion   |       |    24 |    11 ||    35

Table legend: (Time is in decaauts)
 A = Elapsed time spent in this place.
 B = Non-inter-level travel time spent in this place.
 C = Inter-level travel time spent in this place.
 D = Time resting spent in this place.
 E = Time spent auto-exploring this place.
 F = Levels seen in this place.
 G = Mean time per level.
                   A        B        C        D        E       F      G
               +--------+--------+--------+--------+--------+-----+--------+
         Total |   7140 |   7008 |    132 |    792 |   5322 |   5 | 1428.0 |
       Dungeon |   6705 |   6606 |     99 |    792 |   4928 |   4 | 1676.2 |
        Temple |    435 |    402 |     33 |      0 |    394 |   1 |  435.0 |
               +--------+--------+--------+--------+--------+-----+--------+

Top non-repeatable levels by time:
     D:1: 2118 daAuts
     D:3: 2079 daAuts
     D:2: 1564 daAuts
     D:4: 942 daAuts
  Temple: 435 daAuts
